 Dungeon Crawl Stone Soup version 0.25.0-26-g0c896c7088 (webtiles) character file.

Game seed: 2728729001457837169

10164 MisterFreud the Martial Artist (level 11, -8/87 HPs)
             Began as a Demonspawn Abyssal Knight on July 5, 2020.
             Was a High Priest of Lugonu.
             Splashed by an oklob plant's acid (14 damage)
             ... on level 10 of the Dungeon.
             The game lasted 00:17:23 (8732 turns).

MisterFreud the Martial Artist (DsAK)               Turns: 8732, Time: 00:17:23

Health: -8/87      AC:  3    Str: 12    XL:     11   Next: 32%
Magic:  17/17      EV: 12    Int: 22    God:    Lugonu [*****.]
Gold:   571        SH:  8    Dex: 14    Spells: 10/10 levels left

rFire    . . .     SeeInvis .     - Unarmed
rCold    . . .     Gourm    .   q - +3 buckler
rNeg     . . .     Faith    .   l - +0 storm dragon scales
rPois    +         Spirit   .   (helmet unavailable)
rElec    +         Reflect  .   y - +0 cloak
rCorr    .         Harm     .   (no gloves)
MR       .....                  (no boots)
Stlth    ..........             k - amulet of regeneration
HPRegen  0.64/turn              o - +6 ring of intelligence
MPRegen  0.15/turn              O - ring of poison resistance

@: agile, corroded
A: horns 3, molten scales 2, foul stench 1, powered by pain 1, rot immunity
a: Depart the Abyss, Bend Space, Banish, Corrupt, Enter the Abyss, Renounce
Religion


You were on level 10 of the Dungeon.
You worshipped Lugonu.
Lugonu was extremely pleased with you.
You were not hungry.

You visited 1 branch of the dungeon, and saw 10 of its levels.
You visited the Abyss 1 time.

You collected 571 gold pieces.

Inventory:

Missiles
 d - 12 boomerangs (quivered)
 j - 34 poisoned darts
 x - 8 silver javelins
 z - 6 atropa-tipped darts
 B - a throwing net
 C - 3 boomerangs of dispersal
Armour
 l - +0 storm dragon scales (worn)
 q - a +3 buckler (worn)
 y - a +0 cloak (worn)
Jewellery
 k - an amulet of regeneration (around neck)
 o - a +6 ring of intelligence (left hand)
 t - an uncursed ring of stealth
 I - an uncursed ring of ice
 K - an uncursed ring of magical power
 O - a ring of poison resistance (right hand)
Wands
 A - a wand of digging (8)
 D - a wand of flame (17)
 L - a wand of enslavement (8)
 N - a wand of random effects (13)
Scrolls
 a - 2 scrolls of fear
 e - 2 scrolls of blinking
 f - 8 scrolls of remove curse
 h - 6 scrolls of teleportation
 n - 3 scrolls of enchant weapon
 r - 10 scrolls of identify
 s - a scroll of noise
 v - a scroll of magic mapping
 F - a scroll of enchant armour
 G - a scroll of brand weapon {unknown}
Potions
 c - 8 potions of curing {unknown}
 g - a potion of resistance {unknown}
 i - a potion of might {unknown}
 m - 2 potions of brilliance {unknown}
 u - a potion of mutation {unknown}
 w - 3 potions of haste
 E - a potion of stabbing {unknown}
 H - 4 potions of heal wounds {unknown}
 J - a potion of lignification {unknown}
 M - a potion of degeneration {unknown}
Comestibles
 b - 23 rations
 p - 3 chunks of flesh


   Skills:
 + Level 8.6 Fighting
 - Level 4.0 Armour
 + Level 5.5 Dodging
 - Level 4.0 Shields
 + Level 11.3 Unarmed Combat
 - Level 8.0 Invocations


You had 10 spell levels left.
You didn't know any spells.
Your spell library contained the following spells:

 Spells                   Type           Power        Failure   Level  Hunger
 Foxfire                  Conj/Fire      #...         99%         1    ##.....
 Magic Dart               Conj           #...         99%         1    ##.....
 Blink                    Tloc           N/A          100%        2    ###....
 Call Imp                 Summ           #.......     100%        2    ###....
 Slow                     Hex            #.......     100%        2    ###....
 Conjure Flame            Conj/Fire      #.......     100%        3    ####...
 Inner Flame              Hex/Fire       #.......     100%        3    ####...
 Mephitic Cloud           Conj/Pois/Air  #.......     100%        3    ####...
 Ice Form                 Ice/Tmut       #.......     100%        4    #####..
 Sticky Flame             Conj/Fire      #.......     100%        4    #####..
 Fireball                 Conj/Fire      #.........   100%        5    ######.
 Metabolic Englaciation   Hex/Ice        #.........   100%        5    ######.
 Freezing Cloud           Conj/Ice/Air   #.........   100%        6    #######
 Ozocubu's Refrigeration  Ice            #.........   100%        6    #######
 Simulacrum               Ice/Necr       #.........   100%        6    #######


Dungeon Overview and Level Annotations

Branches:
Dungeon (10/15)            Temple (0/1) D:5            Lair (0/6) D:10
    Orc: D:9-12

Altars:
Fedhas
Zin

Shops:
D:4 (   D:6 [

Annotations:
D:5 Eustachio
D:10 exclusion: oklob plant
Abyss:1 Maurice


Innate Abilities, Weirdness & Mutations

You have a pair of large horns on your head.
You are mostly covered in molten scales. (AC +3)
You may emit foul miasma when damaged in melee.
You sometimes gain a little power by taking damage.
You are immune to rotting.


Message History

You hit the oklob plant but do no damage.
You headbutt the oklob plant, but do no damage.
The oklob plant is heavily damaged.
You hit the oklob plant.
The oklob plant is heavily damaged.
The oklob plant spits acid at you. The splash of acid hits you!
* * * LOW HITPOINT WARNING * * *
The acid corrodes you!
You are splashed with acid!
* * * LOW HITPOINT WARNING * * *
Unknown command.
Unknown command.
Unknown command.
The oklob plant spits acid at you. The splash of acid misses you.
The oklob plant spits acid at you. The splash of acid hits you.
* * * LOW HITPOINT WARNING * * *
The acid corrodes you!
You are splashed with acid!
You die...

#. #...# .# ..... #.##P.P##.#
..... #..PPPP...# #.
#≈.PP>PP.≈# #. ### #...PPPP..#
. #. ....#.##.PP##.# ... ####[
....#..#...#..#.... #....
.....#...≈...#..... #..## ##
.......###@...### #..#. #.
........)........######..#.
#.######...#†...............#.
#..........#####............#.
#.........÷§...#............#.
#......#####...# ...........##
#......# ...# ............
#......# ...# .......>....
########..# ...#....########..


You could see an oklob plant.

Vanquished Creatures
  2 two-headed ogres (D:8)
  Nergalle (D:10)
  Psyche (D:8)
  A gargoyle (D:10)
  A centaur skeleton (D:10)
  Grinder (D:4)
  2 hippogriffs (D:8)
  A spriggan (D:8)
  16 yaks
  A hungry ghost (D:8)
  3 orc warriors
  A black bear (D:7)
  3 sky beasts
  A phantom (D:8)
  An ice beast (D:8)
  A necrophage (D:9)
  An ogre (D:4)
  2 centaurs
  3 big kobolds
  7 bullfrogs
  4 scorpions
  A killer bee (D:8)
  2 howler monkeys
  A centaur zombie (D:9)
  8 crimson imps
  3 bullfrog zombies
  5 bullfrog skeletons
  2 jellies
  2 orc priests
  3 hounds
  10 orc wizards
  A worker ant (D:9)
  Natasha (thrice) (D:2)
  A hound skeleton (D:6)
  A hound zombie (D:7)
  2 worker ant zombies
  7 adders
  A shadow imp (D:7)
  2 oozes
  3 worms
  A dart slug (D:2)
  4 leopard geckos
  25 orcs
  2 giant cockroaches
  7 goblins
  6 hobgoblins
  6 jackals
  2 quokkas
  6 bats
  4 frilled lizards
  A jackal skeleton (D:4)
  24 kobolds
  3 leopard gecko zombies
  4 rats
207 creatures vanquished.

Vanquished Creatures (others)
  A death knight (D:8)
1 creature vanquished.

Grand Total: 208 creatures vanquished

Notes
Turn   | Place    | Note
-------+----------+-------------------------------------------
     0 | Abyss:1  | MisterFreud the Demonspawn Abyssal Knight began the quest
                  | for the Orb.
     0 | Abyss:1  | Reached XP level 1. HP: 18/18 MP: 2/2
    97 | Abyss:1  | Found a corrupted altar of Lugonu.
   114 | D:1      | Escaped the Abyss
   486 | D:1      | Reached skill level 2 in Unarmed Combat
   968 | D:1      | Gained mutation: You sometimes gain a little power by
                  | taking damage. [demonic ancestry]
   968 | D:1      | Reached XP level 2. HP: 22/24 MP: 3/3
  1753 | D:2      | Reached skill level 3 in Unarmed Combat
  1820 | D:2      | Noticed Natasha
  1834 | D:2      | Noticed a crimson imp
  1836 | D:2      | Killed Natasha
  1836 | D:2      | Gained mutation: You are immune to rotting. [demonic
                  | ancestry]
  1836 | D:2      | Reached XP level 3. HP: 20/29 MP: 4/4
  1952 | D:2      | Found a blossoming altar of Fedhas.
  1988 | D:2      | Noticed Natasha
  1993 | D:2      | Killed Natasha
  1993 | D:2      | Reached ** piety under Lugonu
  1993 | D:2      | Gained mutation: You have a pair of small horns on your
                  | head. [demonic ancestry]
  1993 | D:2      | Reached XP level 4. HP: 33/35 MP: 5/5
  2086 | D:2      | Noticed Natasha
  2105 | D:2      | Killed Natasha
  2105 | D:2      | Reached skill level 4 in Unarmed Combat
  2612 | D:3      | Found a glowing silver altar of Zin.
  2821 | D:3      | Reached XP level 5. HP: 39/41 MP: 6/6
  2871 | D:3      | Reached skill level 1 in Shields
  2950 | D:3      | Reached *** piety under Lugonu
  3154 | D:4      | Gained mutation: You have a pair of horns on your head.
                  | [demonic ancestry]
  3154 | D:4      | Reached XP level 6. HP: 47/47 MP: 7/7
  3369 | D:4      | Reached skill level 5 in Unarmed Combat
  3380 | D:4      | Noticed Grinder
  3402 | D:4      | Paralysed by Grinder for 3 turns
  3410 | D:4      | Paralysed by Grinder for 6 turns
  3418 | D:4      | Killed Grinder
  3418 | D:4      | Gained mutation: You are partially covered in molten
                  | scales. (AC +2) [demonic ancestry]
  3418 | D:4      | Reached XP level 7. HP: 10/52 MP: 8/8
  3499 | D:4      | Found Punkyron's Antique Weapon Boutique.
  3654 | D:5      | Entered Level 5 of the Dungeon
  3848 | D:5      | Found a staircase to the Ecumenical Temple.
  4132 | D:5      | Reached skill level 6 in Unarmed Combat
  4209 | D:5      | Noticed Eustachio
  4562 | D:6      | Gained mutation: You have a pair of large horns on your
                  | head. [demonic ancestry]
  4562 | D:6      | Reached XP level 8. HP: 56/58 MP: 10/10
  4566 | D:6      | Reached **** piety under Lugonu
  4608 | D:6      | Found Ulampass's Antique Armour Emporium.
  5273 | D:7      | Reached skill level 5 in Invocations
  5393 | D:7      | Reached skill level 7 in Unarmed Combat
  5404 | D:7      | Reached skill level 5 in Fighting
  5858 | D:8      | Noticed a two-headed ogre
  5859 | D:8      | Noticed a death knight
  5859 | D:8      | Banished a two-headed ogre
  5859 | D:8      | Reached XP level 9. HP: 68/68 MP: 13/13
  5886 | D:8      | Banished a death knight
  5896 | D:8      | Reached skill level 8 in Unarmed Combat
  6245 | D:8      | Noticed Maurice
  6252 | D:8      | Banished Maurice
  6252 | D:8      | Reached skill level 9 in Unarmed Combat
  6316 | D:8      | Noticed a two-headed ogre
  6329 | D:8      | Killed a two-headed ogre
  6329 | D:8      | Reached skill level 10 in Unarmed Combat
  6329 | D:8      | Gained mutation: You are mostly covered in molten scales.
                  | (AC +3) [demonic ancestry]
  6329 | D:8      | Reached XP level 10. HP: 44/76 MP: 16/16
  6373 | D:8      | Reached skill level 1 in Dodging
  6631 | D:8      | Noticed Psyche
  6662 | D:8      | Killed Psyche
  7272 | D:8      | Noticed a two-headed ogre
  7285 | D:8      | Killed a two-headed ogre
  8036 | D:10     | Entered Level 10 of the Dungeon
  8036 | D:10     | Noticed a gargoyle
  8059 | D:10     | Killed a gargoyle
  8289 | D:10     | Gained mutation: You may emit foul miasma when damaged in
                  | melee. [demonic ancestry]
  8289 | D:10     | Reached XP level 11. HP: 80/86 MP: 17/17
  8310 | D:10     | Reached skill level 11 in Unarmed Combat
  8404 | D:10     | Reached ***** piety under Lugonu
  8404 | D:10     | Reached skill level 5 in Dodging
  8576 | D:10     | Noticed an oklob plant
  8651 | D:10     | Noticed Nergalle
  8691 | D:10     | Killed Nergalle
  8719 | D:10     | Found a staircase to the Lair.
  8732 | D:10     | Splashed by an oklob plant's acid

Illustrated notes

Levels and vault maps discovered:
D:1:      dpeg_arrival_circle_labyrinth_a, layout_loops_ring
D:2:      layout_rooms, first_ration, fedhas_altar_fruit_tree, uniq_natasha
D:3:      layout_loops_ring, zin_academy
D:4:      layout_rooms, serial_shops, shop, uniq_grinder
D:5:      layout_basic, minmay_temple_entry_overgrown, minmay_statues_item,
          minivault_25, uniq_eustachio
D:6:      layout_basic, serial_shops, nicolae_shop_waterfront
D:7:      layout_cave_pools, minmay_fractal_squares_gapless_5
D:8:      layout_loops_corners, columned_hall_lemuel, the_bakery,
          minmay_pinched_square, uniq_psyche, uniq_maurice
D:9:      layout_basic
D:10:     layout_irregular_city, dpeg_oklobed_lair, hex_medium,
          minmay_fountain_box, uniq_nergalle

Skill      XL: |  1  2  3  4  5  6  7  8  9 10 11 |
---------------+----------------------------------+-----
Unarmed Combat | 2 3 4 5 6 7 10 11 | 11.3
Armour         | 2 3 4 |  4.0
Shields        | 1 3 4 |  4.0
Invocations    | 3 6 8 |  8.0
Fighting       | 5 6 7 8 |  8.6
Dodging        | 4 5 |  5.5

Action                   |  1- 3 |  4- 6 |  7- 9 | 10-12 || total
-------------------------+-------+-------+-------+-------++-------
Melee: Unarmed           |   125 |   294 |   463 |   402 ||  1284
       Headbutt          |       |    50 |    78 |    71 ||   199
Throw: Boomerang         |       |     4 |       |       ||     4
Invok: Banish            |       |       |     4 |       ||     4
  Use: Scroll            |       |       |    13 |       ||    13
  Eat: Chunk             |     3 |     5 |    11 |     8 ||    27
       Ration            |       |       |     4 |       ||     4
Armor: Leather armour    |    41 |       |       |       ||    41
       Storm dragon scal |     9 |   148 |   281 |   214 ||   652
Dodge: Dodged            |    62 |    42 |    90 |   149 ||   343
Block: Buckler           |       |    44 |   147 |   160 ||   351
